 Dungeon Crawl Stone Soup version 0.30.1-11-g7821555f0a (webtiles) character file.

Game seed: 10289489872485615156

81 jagang the Trooper (level 4, -2/37 HPs)
             Began as a Human Monk on Dec 22, 2023.
             Slain by Grinder (5 damage)
             ... on level 3 of the Dungeon.
             The game lasted 00:03:03 (2487 turns).

jagang the Trooper (Human Monk)                     Turns: 2487, Time: 00:03:03

Health: -2/37      AC:  6    Str: 12    XL:     4   Next: 68%
Magic:  4/4        EV: 12    Int: 10    God:
Gold:   101        SH:  0    Dex: 17    Spells: 3/3 levels left

rFire   . . .        a - +0 falchion
rCold   + . .        d - orb {light}
rNeg    . . .        g - +2 leather armour {rC+}
rPois   .            (no helmet)
rElec   .            (no cloak)
rCorr   .            m - +0 pair of gloves
SInv    .            (no boots)
Will    .....        (no amulet)
Stlth   +            (no ring)
HPRegen 0.26/turn    (no ring)
MPRegen 0.09/turn

%: no passive effects
@: glowing
A: no striking features
a: no special abilities


You were on level 3 of the Dungeon.
You visited 1 branch of the dungeon, and saw 3 of its levels.

You collected 101 gold pieces.

Inventory:

Hand Weapons
 a - a +0 falchion (weapon)
Armour
 d - an orb of light (worn)
 g - a +2 leather armour of cold resistance (worn)
 m - a +0 pair of gloves (worn)
 r - a +0 buckler
Jewellery
 p - an amulet of reflection
Scrolls
 b - 3 scrolls of identify {unknown}
 h - a scroll of blinking {unknown}
 j - 2 scrolls of poison {unknown}
 k - a scroll of immolation {unknown}
 l - a scroll of teleportation {unknown}
 n - a scroll of silence {unknown}
 q - a scroll of fear {unknown}
 s - a scroll of vulnerability {unknown}
 t - a scroll of enchant armour {unknown}
Potions
 c - a potion of ambrosia
 e - a potion of invisibility {unknown}
 f - a potion of might {unknown}
 i - 2 potions of haste {unknown}
 o - a potion of heal wounds {unknown}


   Skills:
 + Level 3.8 Fighting
 + Level 3.8 Long Blades
 + Level 2.0 Armour
 - Level 3.0 Dodging


You had 3 spell levels left.
You didn't know any spells.
Your spell library contained the following spells:

 Spells                   Type           Power      Damage    Failure   Level
 Beastly Appendage        Tmut           0%         N/A       43%         1
 Wereblood                Tmut           0%         N/A       58%         2
 Frozen Ramparts          Ice            0%         1d1       82%         3
 Ozocubu's Armour         Ice            0%         N/A       82%         3
 Spider Form              Tmut/Pois      0%         N/A       82%         3
 Ice Form                 Ice/Tmut       0%         N/A       99%         4
 Summon Ice Beast         Ice/Summ       0%         N/A       99%         4
 Ozocubu's Refrigeration  Ice            0%         4d7       100%        7


Dungeon Overview and Level Annotations

Branches:
Dungeon (3/15)

Altars:

Shops:
D:3 [

Annotations:
D:3 Grinder


Message History

a +0 dagger; 2 boomerangs; a +0 chain mail You hit Grinder.
Grinder is lightly wounded.
Grinder barely misses you.
You barely miss Grinder.
Grinder is lightly wounded.
Grinder hits you.
You writhe in agony.
You hit Grinder.
Grinder is lightly wounded.
Grinder gestures at you.
You barely resist.
Grinder blinks!
Grinder gestures at you. You resist with significant effort.
Things that are here:
a +0 mace; a +0 leather armour; an orc corpse You start resting.
Grinder is nearby!
You are too injured to fight recklessly!
You are too injured to fight recklessly!
You hit Grinder.
Grinder is moderately wounded.
Grinder hits you.
You writhe in agony.
* * * LOW HITPOINT WARNING * * *
You hit Grinder.
Grinder is moderately wounded.
Grinder barely misses you.
You barely miss Grinder.
Grinder is moderately wounded.
Grinder gestures at you. You resist with significant effort.
You hit Grinder.
Grinder is heavily wounded.
Grinder gestures at you. You resist with significant effort.
You slash Grinder!
Grinder is severely wounded.
Grinder hits you.
* * * LOW HITPOINT WARNING * * *
You writhe in agony.
You die...

#######.# #.# ........#
#.# #####.#.# #.# ###
#.#.# #.# #.. #.#.# #.#
#.# ##...###.# #^#
#......#.# #.#
####......#.#####.##
...+.....>+.....@..#
####......#.#####5.#####.
#..........5))........
##+....#######..#######
##+....# #..........<..
#......# #.###..######
#....(.# #..# # #......#
#..# # ######.# #..#


You could see Grinder.

Vanquished Creatures
  An orc wizard (D:3)
  2 worms
  2 orcs (D:3)
  6 bats
  7 endoplasms
  2 giant cockroaches (D:1)
  3 goblins
  6 hobgoblins
  3 kobolds
  3 quokkas
  2 ball pythons (D:1)
  4 frilled lizards
  4 rats
45 creatures vanquished.

Notes
Turn   | Place    | Note
-------+----------+-------------------------------------------
     0 | D:1      | jagang the Human Monk began the quest for the Orb.
     0 | D:1      | Reached XP level 1. HP: 18/18 MP: 1/1
   110 | D:1      | You fall into a shaft and drop 1 floor!
   287 | D:2      | Reached XP level 2. HP: 24/24 MP: 2/2
   516 | D:2      | Reached skill level 1 in Armour
   682 | D:1      | Found a faded altar of an unknown god.
   911 | D:1      | Reached XP level 3. HP: 29/29 MP: 3/3
  2005 | D:3      | Reached XP level 4. HP: 36/36 MP: 4/4
  2195 | D:3      | Identified the +5 quarterstaff "Jeuvakh" {flame, +Blink
                  | Dex+3}
  2321 | D:3      | Found Lato's Antique Armour Shop.
  2456 | D:3      | Noticed Grinder
  2487 | D:3      | Slain by Grinder

Illustrated notes

Levels and vault maps discovered:
D:1:      dpeg_arrival_boxes_within_box, layout_rooms,
          hellmonk_ecumenical_altar_lost_god, fountainhead, roderic_lattice_a
D:2:      layout_basic
D:3:      layout_basic, serial_shops, shop, chequers_serial_rivers_micro_a,
          uniq_grinder

Skill      XL: |  1  2  3  4 |
---------------+-------------+-----
Armour         | 1 2 |  2.0
Fighting       | |  3.8
Long Blades    | |  3.8
Dodging        | |  3.0

Action                     |  1- 3 |  4- 6 || total
---------------------------+-------+-------++-------
  Melee: Falchion          |    98 |    28 ||   126
 Armour: Leather armour    |    35 |     6 ||    41
  Dodge: Dodged            |    73 |    16 ||    89
